 Dungeon Crawl Stone Soup version 0.29-a0-1065-g47a6bb87d6 (webtiles) character file.

Game seed: 4619171844309479523

309 Newt the Shooter (level 6, -12/38 HPs)
             Began as a Kobold Hunter on Aug 18, 2022.
             Was an Initiate of Dithmenos.
             Killed from afar by a white imp (13 damage)
             ... with a puff of frost
             ... on level 4 of the Dungeon.
             The game lasted 00:07:20 (4037 turns).

Newt the Shooter (Kobold Hunter)                    Turns: 4037, Time: 00:07:20

Health: -12/38     AC:  7    Str: 10    XL:     6   Next: 69%
Magic:  6/6        EV: 15    Int: 11    God:    Dithmenos [......]
Gold:   146        SH:  0    Dex: 18    Spells: 5/5 levels left

rFire   . . .      SeeInvis .   a - +0 shortbow
rCold   . . .      Faith    .   (shield currently unavailable)
rNeg    . . .      Spirit   .   c - +0 leather armour
rPois   .          Reflect  .   u - +0 helmet
rElec   .          Harm     .   (no cloak)
rCorr   .          Rampage  .   (no gloves)
Will    .....                   q - +2 pair of boots
Stlth   ++++......              (no amulet)
HPRegen 0.12/turn               (no ring)
MPRegen 0.10/turn               (no ring)

@: hasted, very quick
A: small, no large weapons, nightstalker 3
a: Renounce Religion


You were on level 4 of the Dungeon.
You worshipped Dithmenos.
Dithmenos was noncommittal.
You visited 1 branch of the dungeon, and saw 4 of its levels.

You collected 197 gold pieces.
You spent 51 gold pieces at shops.

Inventory:

Hand Weapons
 a - a +0 shortbow (weapon)
Missiles
 d - 7 boomerangs
 r - 5 poisoned darts
Armour
 c - a +0 leather armour (worn)
 o - a +1 scale mail of cold resistance
 q - a +2 pair of boots (worn)
 u - a +0 helmet (worn)
Jewellery
 z - an amulet of faith
Scrolls
 b - 3 scrolls of immolation
 f - 2 scrolls of blinking
 g - a scroll of butterflies {unknown}
 l - 2 scrolls of teleportation
 m - a scroll of poison {unknown}
 w - a scroll of vulnerability {unknown}
 x - 4 scrolls of fear {unknown}
 y - 3 scrolls of identify
 A - a scroll of amnesia {unknown}
Potions
 e - 2 potions of might
 h - 2 potions of curing
 i - 2 potions of heal wounds {unknown}
 j - a potion of mutation {unknown}
 k - 2 potions of resistance {unknown}
 n - 3 potions of haste
 p - a potion of invisibility {unknown}
 s - 2 potions of magic {unknown}
 t - 3 potions of brilliance {unknown}
 v - a potion of flight {unknown}
 B - 2 potions of ambrosia {unknown}


   Skills:
 - Level 4.0 Fighting
 + Level 6.9 Ranged Weapons
 - Level 4.0 Dodging
 - Level 5.0 Stealth


You had 5 spell levels left.
You didn't know any spells.
Your spell library contained the following spells:

 Spells                   Type           Power      Damage    Failure   Level
 Portal Projectile        Hex/Tloc       0%         N/A       82%         3
 Tukima's Dance           Hex            0%         N/A       82%         3
 Blade Hands              Tmut           0%         N/A       100%        5


Dungeon Overview and Level Annotations

Branches:
Dungeon (4/15)             Temple (0/1) D:4

Altars:
Dithmenos
Elyvilon
Kikubaaqudgha
Nemelex Xobeh
Wu Jian
Yredelemnul
Zin
The Shining One

Shops:
D:2 *

Annotations:
D:4 2 transporters, Menkaure; ragingrage's ghost, weakling MiDe


Innate Abilities, Weirdness & Mutations

You are small and have problems with some larger weapons.
You are completely attuned to the shadows.


Message History

Ragingrage's ghost barely misses you.
You shoot an arrow.
The arrow closely misses ragingrage's ghost.
Ragingrage's ghost wails.
Ragingrage's ghost completely misses you.
Fire: a) +0 shortbow
Press: ? - help, Shift-Dir - straight line, f/p - ragingrage's ghost
Aim: ragingrage's ghost (heavily damaged, 63% to hit)
You shoot an arrow. The arrow hits ragingrage's ghost.
Ragingrage's ghost is almost destroyed.
Ragingrage's ghost hits you but does no damage.
The white imp hits you but does no damage.
Fire: a) +0 shortbow
Press: ? - help, Shift-Dir - straight line, f/p - ragingrage's ghost
Aim: ragingrage's ghost (almost destroyed, 63% to hit)
You shoot an arrow.
The arrow hits ragingrage's ghost but does no damage.
Ragingrage's ghost is almost destroyed.
Ragingrage's ghost completely misses you.
The white imp completely misses you. Ragingrage's ghost hits you.
The white imp gestures at you. The puff of frost misses you.
Fire: a) +0 shortbow
Press: ? - help, Shift-Dir - straight line, f/p - ragingrage's ghost
Aim: ragingrage's ghost (almost destroyed, 63% to hit)
You shoot an arrow.
The arrow closely misses ragingrage's ghost.
Ragingrage's ghost tries to blend into its surroundings.
Ragingrage's ghost hits you! The white imp gestures at you.
The puff of frost hits you!
* * * LOW HITPOINT WARNING * * *
Unknown command.
Blink to where?
Press: ? - help, Q - select action, (/) - cycle Dir - move target, p - ragingrage's ghost
As you read the scroll of blinking, it crumbles to dust.
It was a potion of haste.
You feel yourself speed up. The white imp gestures at you.
The puff of frost hits you!
You die...

# ########## .........#
........#########
..).....##......##
##......##.......########
##......##..............#
.#...............######.#
.').............@.......##
.#............###'''###[.#
.##########..##.W5....##.##
............##...ยง.)...#..#
............#..........##.##
...........##....####...#..#
...........#...### ..##.#
...........#..## . #..#.#
...........#5.# Z. #..#.#


You could see ragingrage's ghost and a white imp.

Vanquished Creatures
  A scorpion (D:4)
  2 hounds (D:4)
  A jelly (D:4)
  An orc priest (D:3)
  4 gnolls (D:4)
  An adder (D:3)
  2 dart slugs
  10 orcs
  5 endoplasms
  3 giant cockroaches
  4 goblins
  5 hobgoblins
  3 quokkas
  13 ball pythons
  4 bats
  3 frilled lizards
  5 kobolds
  4 rats
71 creatures vanquished.

Notes
Turn   | Place    | Note
-------+----------+-------------------------------------------
     0 | D:1      | Newt the Kobold Hunter began the quest for the Orb.
     0 | D:1      | Reached XP level 1. HP: 12/12 MP: 1/1
   152 | D:1      | Found a faded altar of an unknown god.
   238 | D:1      | Reached XP level 2. HP: 16/17 MP: 2/2
  1313 | D:2      | Reached XP level 3. HP: 20/21 MP: 3/3
  1320 | D:2      | Found Uczuboux's Assorted Antiques.
  1327 | D:2      | Bought a scroll labelled USHRYSCH XU XUMO for 17 gold
                  | pieces
  1327 | D:2      | Bought a scroll labelled WUMIPO CINA for 17 gold pieces
  1327 | D:2      | Bought a scroll labelled USHRYSCH XU XUMO for 17 gold
                  | pieces
  1356 | D:2      | Reached skill level 6 in Ranged Weapons
  1999 | D:3      | Reached XP level 4. HP: 22/26 MP: 4/4
  2559 | D:3      | Found a shadowy altar of Dithmenos.
  2564 | D:3      | Became a worshipper of Dithmenos the Shadowed
  2573 | D:3      | Found a sparkling altar of Nemelex Xobeh.
  2671 | D:4      | Found a transporter.
  2694 | D:4      | Reached XP level 5. HP: 30/30 MP: 5/5
  2802 | D:4      | Found a transporter.
  2930 | D:4      | Reached skill level 5 in Stealth
  3293 | D:4      | Reached XP level 6. HP: 38/38 MP: 6/6
  3380 | D:4      | Found a white marble altar of Elyvilon.
  3380 | D:4      | Found a glowing golden altar of the Shining One.
  3381 | D:4      | Found a glowing silver altar of Zin.
  3444 | D:4      | Found a runed translucent gate.
  3453 | D:4      | Found a runed translucent gate.
  3453 | D:4      | Found a runed translucent gate.
  3529 | D:4      | Found a staircase to the Ecumenical Temple.
  3835 | D:4      | Found an ornate altar of the Wu Jian Council.
  3855 | D:4      | Found an ancient bone altar of Kikubaaqudgha.
  3855 | D:4      | Found a basalt altar of Yredelemnul.
  3859 | D:4      | Noticed Menkaure
  4021 | D:4      | Noticed ragingrage's ghost (weakling MiDe)
  4035 | D:4      | HP: 1/38 [white imp/puff of frost (11)]
  4037 | D:4      | Killed from afar by a white imp

Illustrated notes

Levels and vault maps discovered:
D:1:      noname_arrival_rooms_in_the_neighbourhood, layout_basic,
          basic_ecumenical_altar
D:2:      layout_rooms, serial_shops, nicolae_shop_hallway_plus
D:3:      layout_loops_ring, amethyst_overflow_temple_binary
D:4:      layout_gridville, gammafunk_temple_of_torment, good_gods_temple_1,
          kennysheep_mini_moat, temple_green, gammafunk_ghost_icy

Skill      XL: |  1  2  3  4  5 |
---------------+----------------+-----
Stealth        | 2 3 4 5 |  5.0
Ranged Weapons | 6 |  6.9
Dodging        | 4 |  4.0
Fighting       | 4 |  4.0

Action                   |  1- 3 |  4- 6 || total
-------------------------+-------+-------++-------
 Fire: Shortbow          |    92 |   114 ||   206
  Use: Scroll            |     4 |     1 ||     5
       Potion            |       |     1 ||     1
Armor: Leather armour    |     8 |    14 ||    22
Dodge: Dodged            |    48 |    44 ||    92

Table legend: (Time is in decaauts)
 A = Elapsed time spent in this place.
 B = Non-inter-level travel time spent in this place.
 C = Inter-level travel time spent in this place.
 D = Time resting spent in this place.
 E = Time spent auto-exploring this place.
 F = Levels seen in this place.
 G = Mean time per level.
                   A        B        C        D        E       F      G
               +--------+--------+--------+--------+--------+-----+--------+
         Total |   4088 |   4018 |     70 |    556 |   2670 |   4 | 1022.0 |
       Dungeon |   4088 |   4018 |     70 |    556 |   2670 |   4 | 1022.0 |
               +--------+--------+--------+--------+--------+-----+--------+

Top non-repeatable levels by time:
     D:4: 1411 daAuts
     D:1: 1281 daAuts
     D:3: 863 daAuts
     D:2: 531 daAuts
